 Dungeon Crawl Stone Soup version 0.17-a0-1011-gfa70bdd (webtiles) character file.

125 nono the Skirmisher (level 4, -2/39 HPs)
             Began as a Demonspawn Gladiator on May 13, 2015.
             Slain by an orc
             ... wielding a +0 trident
              (3 damage)
             ... on level 4 of the Dungeon.
             The game lasted 00:05:15 (1906 turns).

nono the Skirmisher (Demonspawn Gladiator)          Turns: 1906, Time: 00:05:24

Health: -2/39      AC:  4    Str: 15    XL:     4   Next: 82%
Magic:  4/4        EV: 12    Int: 16    God:
Gold:   67         SH:  0    Dex: 15    Spells: 0 memorised, 3 levels left

rFire  . . .     SeeInvis .     a - +0 war axe
rCold  + . .     Clarity  .     b - +0 leather armour
rNeg   . . .     SustAb   .     (no shield)
rPois  .         Gourm    .     c - +0 helmet
rElec  .         Spirit   .     (no cloak)
rCorr  .         Warding  .     (no gloves)
rMut   .         Stasis   .     (no boots)
MR     .....                    (no amulet)
Stlth  +.........               (no ring)
                                (no ring)

@: brilliant, not resistant to hostile enchantments, very unstealthy
A: claws 1, breathe flames 1, clever 1, cold resistance 1, rot immunity
a: Breathe Fire


You were on level 4 of the Dungeon.
You were not hungry.

You visited 1 branch of the dungeon, and saw 3 of its levels.

You collected 67 gold pieces.

Inventory:

Hand weapons
 a - a +0 war axe (weapon)
Missiles
 d - 2 throwing nets (quivered)
Armour
 b - a +0 leather armour (worn)
 c - a +0 helmet (worn)
 p - a +0 hat
Scrolls
 k - a scroll of recharging {unknown}
 m - a scroll of remove curse {unknown}
 n - a scroll of immolation {unknown}
 o - a scroll of enchant armour {unknown}
Potions
 j - 2 potions of flight
 r - a potion of heal wounds {unknown}
Comestibles
 e - a bread ration
 g - a beef jerky
 l - 2 meat rations


   Skills:
 + Level 5.1 Fighting
 - Level 2.6 Axes
 - Level 1.7 Throwing
 - Level 2.6 Dodging


You had 3 spell levels left.
You didn't know any spells.

Dungeon Overview and Level Annotations

Branches:
Dungeon (4/15)
 Temple: D:4-7

Altars:
Xom

Annotations:
D:2 Ijyb


Innate Abilities, Weirdness & Mutations

You have sharp fingernails.
You are immune to rotting.
You can breathe flames.
Your mind is acute. (Int +2)
Your flesh is cold resistant.


Message History

* * * LOW HITPOINT WARNING * * *
You closely miss the orc wizard.
The orc wizard hits you but does no damage.
The orc closely misses you.
The orc wizard points at you and mumbles some strange words.
The puff of flame hits you!
* * * LOW HITPOINT WARNING * * *
Drink which item? (? for menu, Esc to quit)
It was a potion of brilliance.
You feel clever all of a sudden.
The orc wizard hits you but does no damage.
The orc completely misses you.
Drink which item? (? for menu, Esc to quit)
It was a potion of mutation.
You feel extremely strange.
You feel clever.
Your throat feels hot.
You feel resistant to cold. The orc wizard hits you with a dagger.
* * * LOW HITPOINT WARNING * * *
The orc wizard hits you but does no damage.
The orc hits you from afar with a trident.
You die...

#### ..# #.#
#(# # #)#.#
##########)#.#
#......$.รท(..#
#.########@###
#. #o# .. #o#
.S. .o. ##.o
... ##o ..%..
.. .#.## #.#.#


You could see an orc wizard and 2 orcs.

Vanquished Creatures
  An orc wizard (D:4)
  Jessica (D:2)
  4 adders
  An orc (D:4)
  A ball python (D:1)
  2 giant cockroaches (D:2)
  10 hobgoblins
  3 jackals
  A quokka (D:2)
  8 bats
  A giant newt (D:1)
  A goblin (D:1)
  3 kobolds
  3 rats
40 creatures vanquished.

Vanquished Creatures (others)
  An adder (D:2)
1 creature vanquished.

Grand Total: 41 creatures vanquished

Notes
Turn   | Place    | Note
--------------------------------------------------------------
     0 | D:1      | nono the Demonspawn Gladiator began the quest for the Orb.
     0 | D:1      | Reached XP level 1. HP: 16/16 MP: 1/1
   379 | D:1      | Gained mutation: You are immune to rotting. [demonic ancestry]
   379 | D:1      | Reached XP level 2. HP: 23/23 MP: 2/2
   618 | D:1      | Reached skill level 3 in Fighting
  1333 | D:2      | Noticed Jessica
  1354 | D:2      | Reached XP level 3. HP: 25/29 MP: 3/3
  1357 | D:2      | Killed Jessica
  1357 | D:2      | Reached skill level 4 in Fighting
  1520 | D:2      | Gained mutation: You have sharp fingernails. [demonic ancestry]
  1520 | D:2      | Reached XP level 4. HP: 35/37 MP: 4/4
  1577 | D:2      | Found a shimmering altar of Xom.
  1578 | D:2      | Found a shimmering altar of Xom.
  1579 | D:2      | Noticed Ijyb
  1588 | D:2      | Found a shimmering altar of Xom.
  1589 | D:2      | Found a shimmering altar of Xom.
  1589 | D:2      | Found a shimmering altar of Xom.
  1596 | D:2      | Found a shimmering altar of Xom.
  1596 | D:2      | You fall through a shaft for 2 floors!
  1902 | D:4      | Reached skill level 5 in Fighting
  1904 | D:4      | HP: 1/39 [orc wizard/puff of flame (7)]
  1906 | D:4      | Gained mutation: Your mind is acute. (Int +2) [potion of mutation]
  1906 | D:4      | Gained mutation: You can breathe flames. [potion of mutation]
  1906 | D:4      | Gained mutation: Your flesh is cold resistant. [potion of mutation]
  1906 | D:4      | Slain by an orc

Vault maps used:
D:1:      grunt_arrival_lava_bath
D:2:      nicolae_qazlal_eye_of_the_storm, xom_redecorated, minitemple,
          minivault_27, uniq_iyjb, uniq_jessica
D:4:      nicolae_ashenzari_panopticon, kennysheep_flooded_box

Action                   |  1- 3 |  4- 6 || total
-------------------------+-------+-------++-------
Melee: War axe           |    85 |    42 ||   127
Throw: Javelin           |     3 |    11 ||    14
       Throwing net      |       |     2 ||     2
  Use: Potion            |       |     5 ||     5
  Eat: Chunk             |     2 |     1 ||     3
